 Dungeon Crawl Stone Soup version 0.27-a0-1200-g94dc6ad4cf (webtiles) character file.

Game seed: 2901007044390769467

340 siradein the Chucker (level 6, -1/61 HPs)
             Began as a Troll Hunter on June 1, 2021.
             Slain by a lemure (4 damage)
             ... led by Pikel
             ... on level 5 of the Dungeon.
             The game lasted 00:08:28 (2816 turns).

siradein the Chucker (Troll Hunter)                 Turns: 2816, Time: 00:08:30

Health: -1/61      AC:  4    Str: 23    XL:     6   Next: 30%
Magic:  5/5        EV: 10    Int:  7    God:
Gold:   209        SH:  0    Dex: 10    Spells: 5/5 levels left

rFire    + . .     SeeInvis +     - Unarmed
rCold    + . .     Faith    .   (no shield)
rNeg     . . .     Spirit   .   b - +0 robe
rPois    .         Reflect  .   (helmet restricted)
rElec    .         Harm     .   k - scarf {rC+ rF+}
rCorr    .         Rampage  .   (gloves unavailable)
Will     .....                  (boots unavailable)
Stlth    +.........             (no amulet)
HPRegen  1.20/turn              l - ring of see invisible
MPRegen  0.09/turn              (no ring)

@: no status effects
A: large, unfitting armour, claws 3, regeneration 1, shaggy fur 1, tough skin 1
a: no special abilities


You were on level 5 of the Dungeon.
You visited 1 branch of the dungeon, and saw 5 of its levels.

You collected 209 gold pieces.

Inventory:

Hand Weapons
 r - the +9 dagger "Elimp" {flame, rPois rF+}
   (You found it on level 4 of the Dungeon)

   It has been specially enchanted to burn those struck by it, causing extra
   injury to most foes and up to half again as much damage against particularly
   susceptible opponents.
   It protects you from fire.
   It protects you from poison.
Missiles
 a - 8 atropa-tipped darts
 c - 5 large rocks (quivered)
 d - 2 throwing nets
 h - 179 stones
 i - 8 sling bullets
Armour
 b - a +0 robe (worn)
 k - a scarf of resistance (worn)
Jewellery
 l - a ring of see invisible (left claw)
 u - a ring of wizardry
Wands
 v - a wand of paralysis (2)
Scrolls
 g - a scroll of fear {unknown}
 j - a scroll of identify {unknown}
 m - 2 scrolls of amnesia {unknown}
 n - a scroll of enchant weapon {unknown}
 o - 2 scrolls of summoning {unknown}
 q - a scroll of acquirement {unknown}
 s - a scroll of teleportation {unknown}
Potions
 e - a potion of flight {unknown}
 f - 3 potions of brilliance {unknown}
 p - a potion of degeneration {unknown}
 t - a potion of attraction {unknown}


   Skills:
 + Level 3.0 Fighting
 + Level 4.6 Throwing
 + Level 3.0 Dodging
 - Level 0.3 Stealth
 + Level 2.9 Unarmed Combat


You had 5 spell levels left.
You didn't know any spells.
Your spell library contained the following spells:

 Spells                   Type           Power      Damage    Failure   Level
 Corona                   Hex            0%         N/A       43%         1
 Ensorcelled Hibernation  Hex/Ice        0%         N/A       56%         2
 Confusing Touch          Hex            0%         N/A       80%         3
 Dazzling Flash           Conj/Hex       0%         N/A       80%         3
 Tukima's Dance           Hex            0%         N/A       80%         3


Dungeon Overview and Level Annotations

Branches:
Dungeon (5/15)
 Temple: D:4-7

Altars:
Ashenzari

Shops:
D:1 !

Annotations:
D:5 Pikel


Innate Abilities, Weirdness & Mutations

You are too large for most types of armour.
You have claws for hands.
Your natural rate of healing is unusually fast.
You are covered in fur. (AC +1)
You have tough skin. (AC +1)


Message History

You scratch the bullfrog skeleton.
The bullfrog skeleton is lightly damaged.
The bullfrog skeleton hits you.
You claw the bullfrog skeleton!
The bullfrog skeleton is moderately damaged.
The bullfrog skeleton hits you.
You scratch the bullfrog skeleton.
The bullfrog skeleton is moderately damaged.
The bullfrog skeleton hits you but does no damage.
You claw the bullfrog skeleton!
The bullfrog skeleton is almost destroyed.
The bullfrog skeleton hits you.
You completely miss the bullfrog skeleton.
The bullfrog skeleton is almost destroyed.
The bullfrog skeleton closely misses you.
You hear the slow hiss of an avalanche of sand very nearby.
A lemure comes into view.
Pikel shouts!
A lemure comes into view.
You closely miss Pikel.
Pikel hits you with a +2 whip of flaming!
Pikel burns you. The lemure closely misses you.
The lemure hits you but does no damage.
You closely miss Pikel.
Pikel hits you with a +2 whip of flaming!
The lemure hits you! x2
You scratch Pikel.
Pikel is lightly wounded.
Pikel hits you with a +2 whip of flaming.
The lemure hits you.
* * * LOW HITPOINT WARNING * * *
The lemure barely misses you.
You scratch Pikel.
Pikel is lightly wounded.
Pikel hits you with a +2 whip of flaming!
* * * LOW HITPOINT WARNING * * *
Pikel burns you.
* * * LOW HITPOINT WARNING * * *
The lemure barely misses you. The lemure hits you.
You die...

#....... #......# ...
#......##....# ...
#............# ...
#............# ....
#............#
.....#..5K........#
.....#..@5Z!......#
.....'...5.......#
.....#......5....#
.....##'######..##
........5....#.##.....##
.............#.#.......#
.............#Z#..._...#
.............5Z#.......#
.............####....)#


You could see Pikel, 4 lemures and a bullfrog skeleton.

Vanquished Creatures
  A scorpion (D:4)
  A jelly (D:4)
  A hound (D:4)
  A hound zombie (D:5)
  A hound skeleton (D:4)
  5 gnolls
  5 adders
  2 shadow imps (D:5)
  A worm (D:2)
  3 dart slugs
  2 orcs (D:4)
  6 ball pythons
  3 endoplasms
  4 giant cockroaches
  6 goblins
  7 hobgoblins
  13 jackals
  4 kobolds
  A quokka (D:3)
  5 bats
  A frilled lizard (D:2)
  5 rats
78 creatures vanquished.

Notes
Turn   | Place    | Note
-------+----------+-------------------------------------------
     0 | D:1      | siradein the Troll Hunter began the quest for the Orb.
     0 | D:1      | Reached XP level 1. HP: 19/19 MP: 0/0
   135 | D:1      | Reached XP level 2. HP: 28/28 MP: 1/1
   155 | D:1      | Reached skill level 1 in Unarmed Combat
   248 | D:1      | Reached XP level 3. HP: 31/35 MP: 2/2
   258 | D:1      | Found Oraa's Distillery.
   785 | D:2      | Reached skill level 4 in Throwing
   994 | D:2      | Reached XP level 4. HP: 39/42 MP: 3/3
  1061 | D:2      | Found a broken altar of Ashenzari.
  1612 | D:3      | Found a faded altar of an unknown god.
  2049 | D:3      | Reached XP level 5. HP: 38/50 MP: 4/4
  2270 | D:4      | Identified the +9 dagger "Elimp" {flame, rPois rF+}
  2389 | D:4      | Reached XP level 6. HP: 52/61 MP: 5/5
  2652 | D:5      | Entered Level 5 of the Dungeon
  2758 | D:5      | Found a broken altar of Ashenzari.
  2787 | D:5      | Noticed Pikel
  2816 | D:5      | HP: 3/61 [Pikel/+2 whip of flaming (2)]
  2816 | D:5      | Slain by a lemure

Illustrated notes

Levels and vault maps discovered:
D:1:      dpeg_arrival_arbitrary_c, layout_loops_ring, serial_shops,
          nicolae_shop_behind_doors
D:2:      layout_loops_ring, basic_altar
D:3:      layout_basic, ebering_ecumenical_altar_sacrificial
D:4:      layout_cave_pools
D:5:      minmay_bubble_buster, layout_gridville, lemuel_round_altar,
          minmay_temple_entry_offerings, nicolae_ossuary_entry_false_entrances,
          st_stairs_9, grunt_ministairs_9, uniq_pikel

Skill      XL: |  1  2  3  4  5 |
---------------+----------------+-----
Unarmed Combat | 1 2 |  2.9
Fighting       | 2 3 |  3.0
Dodging        | 2 3 |  3.0
Throwing       | 4 |  4.6
Stealth        | |  0.3

Action                   |  1- 3 |  4- 6 || total
-------------------------+-------+-------++-------
Melee: Unarmed           |    81 |   169 ||   250
       Punch             |       |     2 ||     2
       Dagger            |       |     6 ||     6
 Stab: Sleeping          |     1 |     1 ||     2
Armor: Robe              |    23 |    62 ||    85
Dodge: Dodged            |    36 |   105 ||   141

Table legend: (Time is in decaauts)
 A = Elapsed time spent in this place.
 B = Non-inter-level travel time spent in this place.
 C = Inter-level travel time spent in this place.
 D = Time resting spent in this place.
 E = Time spent auto-exploring this place.
 F = Levels seen in this place.
 G = Mean time per level.
                   A        B        C        D        E       F      G
               +--------+--------+--------+--------+--------+-----+--------+
         Total |   2809 |   2729 |     80 |     36 |   2056 |   5 |  561.8 |
       Dungeon |   2809 |   2729 |     80 |     36 |   2056 |   5 |  561.8 |
               +--------+--------+--------+--------+--------+-----+--------+

Top non-repeatable levels by time:
     D:3: 728 daAuts
     D:2: 700 daAuts
     D:1: 640 daAuts
     D:4: 578 daAuts
     D:5: 161 daAuts
